 Dungeon Crawl Stone Soup version 0.17-a0-1920-gafa4d75 (webtiles) character file.

33 4thArraOfDagon the Ruffian (level 3, -1/33 HPs)
             Began as a Minotaur Monk on Sept 27, 2015.
             Was a Believer of Cheibriados.
             Succumbed to a worker ant's poison
             ... on level 5 of the Dungeon.
             The game lasted 00:01:58 (328 turns).

4thArraOfDagon the Ruffian (Minotaur Monk)           Turns: 328, Time: 00:01:58

Health: -1/33      AC:  5    Str: 19    XL:     3   Next: 12%
Magic:  2/2        EV: 13    Int: 12    God:    Cheibriados [**....]
Gold:   23         SH:  0    Dex: 16    Spells: 0 memorised, 2 levels left

rFire  . . .     SeeInvis .       - Unarmed
rCold  . . .     Clarity  .     c - +0 ring mail
rNeg   . . .     SustAt   .     (no shield)
rPois  .         Gourm    .     (helmet restricted)
rElec  .         Spirit   .     (no cloak)
rCorr  .         Warding  .     (no gloves)
rMut   .         Rnd*Tele +     (no boots)
MR     .....                    (no amulet)
Stlth  +.........               (no ring)
                                a - ring of teleportation (curse)

@: lethally poisoned (-1 -> -15), very slow, not resistant to hostile
enchantments, very unstealthy
A: retaliatory headbutt, horns 2
a: Bend Time, Renounce Religion, Evoke Teleportation


You were on level 5 of the Dungeon.
You worshipped Cheibriados.
Cheibriados was pleased with you.
You were not hungry.

You visited 2 branches of the dungeon, and saw 6 of its levels.

You collected 23 gold pieces.

Inventory:

Armour
 c - a +0 ring mail (worn)
 d - a +0 shield
Jewellery
 a - a cursed ring of teleportation (left hand)
Comestibles
 b - a bread ration
 f - 4 meat rations


   Skills:
 + Level 4.1 Fighting
 + Level 3.7 Dodging
 - Level 1.5 Stealth
 * Level 4.8 Unarmed Combat
 + Level 0.4 Invocations


You had 2 spell levels left.
You didn't know any spells.

Dungeon Overview and Level Annotations

Branches:
Dungeon (5/15)             Temple (1/1) D:5

Altars:
Cheibriados
Dithmenos
Kikubaaqudgha
Nemelex Xobeh
Sif Muna
Trog
Yredelemnul
The Shining One


Innate Abilities, Weirdness & Mutations

You reflexively headbutt those who attack you in melee.
You have a pair of horns on your head.


Message History

You have reached level 2!
You have reached level 3!
Your experience leads to an increase in your attributes!
Your base attributes are Str 15, Int 7, Dex 12.
Increase (S)trength, (I)ntelligence, or (D)exterity?
You feel clever.
* * * LOW HITPOINT WARNING * * *
You feel sick.
Unknown command.
* * * LOW HITPOINT WARNING * * *
You feel sick.
Unknown command.
* * * LOW HITPOINT WARNING * * *
You feel sick.
Unknown command.
* * * LOW HITPOINT WARNING * * *
You feel sick.
* * * LOW HITPOINT WARNING * * *
You feel sick.
You die...

###.# .# #.... ..
....## .. #.#.. .#
#.#.# .#
##.#.######## .#
####.#..##.....##.#
......<..P.PP...@.#
.###.#.#...P..#####
##.##.P.>).# #.
#...†P.# ..
#.PP.P.# #.#
#.?##### #. #..# #.
#... ..##


There were no monsters in sight!

Vanquished Creatures
  A worker ant (D:5)
  A giant gecko (D:2)
  An orc (D:5)
  A hobgoblin (D:2)
  2 rats (D:1)
6 creatures vanquished.

Notes
Turn   | Place    | Note
--------------------------------------------------------------
     0 | D:1      | 4thArraOfDagon the Minotaur Monk began the quest for the Orb.
     0 | D:1      | Reached XP level 1. HP: 19/19 MP: 0/0
   103 | D:3      | Noticed an orc priest
   103 | D:3      | Noticed an orc wizard
   180 | D:4      | Noticed an ogre
   193 | D:5      | Entered Level 5 of the Dungeon
   193 | D:5      | Found a staircase to the Ecumenical Temple.
   197 | D:5      | Noticed a worker ant
   200 | Temple   | Entered the Ecumenical Temple
   207 | Temple   | Became a worshipper of Cheibriados the Contemplative
   207 | Temple   | Acquired Cheibriados's first power
   322 | D:5      | so dead
   323 | D:5      | Killed a worker ant
   323 | D:5      | Reached XP level 2. HP: 5/27 MP: 1/1
   323 | D:5      | Reached XP level 3. HP: 6/33 MP: 2/2
   326 | D:5      | HP: 1/33 [poisoned by a worker ant]
   328 | D:5      | Succumbed to a worker ant's poison

Vault maps used:
D:1:      saegor_arrival_simple_b
D:2:      nicolae_gozag_seed_capital, nemelex_diamond_rough_becter,
          uniq_crazy_yiuf_cottage
D:3:      overflow_temple_1_default, lemuel_round_altar, first_bread,
          tgw_kikubaaqudgha
D:5:      nicolae_overflow_crystal_walls, minmay_temple_entry_overgrown,
          serial_shops, shop, minmay_misc_feat_tiny, st_stairs_11
Temple:   circular_temple_pool_12

Action                   || total
-------------------------++-------
Melee: Unarmed           ||    19
  Use: Scroll            ||     1
